 Dungeon Crawl Stone Soup version 0.29-a0-495-g17b79114eb (webtiles) character file.

Game seed: 13798905122971934814

119 jlumianski the Chiller (level 4, 0/34 HPs)
             Began as a Demigod Ice Elementalist on May 27, 2022.
             Slain by Grinder (9 damage)
             ... on level 4 of the Dungeon.
             The game lasted 00:14:22 (3605 turns).

jlumianski the Chiller (Demigod Ice Elementalist)   Turns: 3605, Time: 00:14:23

Health: 0/34       AC:  5    Str:  9    XL:     4   Next: 47%
Magic:  3/6        EV: 12    Int: 21    God:
Gold:   142        SH:  7    Dex: 20    Spells: 3/7 levels left

rFire   . . .      SeeInvis .   i - +0 short sword (antimagic)
rCold   . . .      Faith    .   z - +3 buckler "Meodenem" {Dex+6}
rNeg    . . .      Spirit   .   a - +0 robe
rPois   .          Reflect  .   (no helmet)
rElec   .          Harm     .   (no cloak)
rCorr   .          Rampage  .   o - +2 pair of gloves
Will    .....                   (no boots)
Stlth   ++........              (no amulet)
HPRegen 0.11/turn               t - ring of magical power
MPRegen 0.10/turn               (no ring)

@: freezing walls
A: high MP 1, forlorn, divine attributes
a: no special abilities


You were on level 4 of the Dungeon.
You visited 1 branch of the dungeon, and saw 4 of its levels.

You collected 142 gold pieces.

Inventory:

Hand Weapons
 g - a +0 short sword
 i - a +0 antimagic short sword (weapon)
 x - a +1 vorpal spear
Missiles
 c - 7 poisoned darts
 f - 38 stones
 l - 7 atropa-tipped darts
 y - 2 javelins
Armour
 a - a +0 robe (worn)
 o - a +2 pair of gloves (worn)
 z - the +3 buckler "Meodenem" (worn) {Dex+6}
   (You found it on level 3 of the Dungeon)

   Dex:       It affects your dexterity (+6).
Jewellery
 t - a ring of magical power (left hand)
Scrolls
 h - 2 scrolls of identify {unknown}
 j - a scroll of immolation {unknown}
 m - a scroll of poison {unknown}
 r - a scroll of fear {unknown}
 s - a scroll of amnesia {unknown}
 u - 2 scrolls of teleportation {unknown}
 v - a scroll of blinking {unknown}
Potions
 b - a potion of magic
 d - 4 potions of curing
 e - a potion of haste {unknown}
 k - a potion of degeneration {unknown}
 n - a potion of brilliance {unknown}
 p - 2 potions of lignification {unknown}
 q - a potion of attraction {unknown}
 w - a potion of flight {unknown}


   Skills:
 + Level 0.7 Fighting
 + Level 1.6 Short Blades
 + Level 2.1 Dodging
 + Level 2.2 Stealth
 + Level 2.4 Spellcasting
 + Level 4.3 Ice Magic


You had 3 spell levels left.
You knew the following spells:

 Your Spells              Type           Power      Damage    Failure   Level
a - Freeze                Ice            80%        1d9       3%          1
b - Frozen Ramparts       Ice            40%        1d6       10%         3

Your spell library contained the following spells:

 Spells                   Type           Power      Damage    Failure   Level
 Ozocubu's Armour         Ice            20%        N/A       10%         3
 Apportation              Tloc           4%         N/A       19%         1
 Necrotize                Necr           8%         1d4       19%         1
 Summon Small Mammal      Summ           8%         N/A       19%         1
 Vampiric Draining        Necr           2%         2d6       50%         3
 Hailstorm                Conj/Ice       11%        3d5       61%         4
 Ice Form                 Ice/Tmut       11%        N/A       61%         4
 Agony                    Necr           2%         N/A       99%         5
 Simulacrum               Ice/Necr       5%         N/A       100%        6


Dungeon Overview and Level Annotations

Branches:
Dungeon (4/15)
 Temple: D:4-7

Shops:
D:1 *

Annotations:
D:4 Grinder


Innate Abilities, Weirdness & Mutations

You have an increased reservoir of magic. (+10% MP)
You shall have no god before yourself.
Your divine heritage dramatically boosts your attributes as you level up.


Message History

Pain shoots through your body!
Casting: Frozen Ramparts (quite dangerous; 10% risk of failure)
Confirm with . or Enter, or press ? or * to list all spells.
The spell is quite dangerous to miscast (10% risk of failure)!
Continue anyway?
Casting: Frozen Ramparts (quite dangerous; 10% risk of failure)
Press: ? - help, Dir - look around, f - activate The walls around you are covered in ice.
Grinder resists.
The wall freezes Grinder.
You hit Grinder.
Grinder's magic leaks into the air.
Grinder is lightly wounded.
Grinder's magic is no longer disrupted.
Grinder completely resists.
The wall freezes Grinder but does no damage.
You block Grinder's attack.
You hit Grinder but do no damage.
Grinder is lightly wounded.
Grinder completely resists.
The wall freezes Grinder but does no damage.
Grinder misses you.
You hit Grinder.
Grinder's magic leaks into the air.
Grinder is lightly wounded.
Grinder completely resists.
The wall freezes Grinder but does no damage.
Grinder hits you!
You closely miss Grinder.
Grinder is lightly wounded.
Grinder resists.
The wall freezes Grinder.
Grinder hits you.
* * * LOW HITPOINT WARNING * * *
You writhe in agony.
* * * LOW HITPOINT WARNING * * *
It was a potion of curing.
You feel better.
Grinder's magic is no longer disrupted.
Grinder completely resists.
The wall freezes Grinder but does no damage.
Grinder hits you.
* * * LOW HITPOINT WARNING * * *
You closely miss Grinder.
Grinder is lightly wounded.
Grinder completely resists.
The wall freezes Grinder but does no damage.
Grinder hits you!
You die...

# #.#..# #.
#.#..#
.###.##.#.<#
...........#
# #....5...#
..
#.###.####
###.# #.#
......###.#
.......@5.#
.##.#.#####
.. #.# .. #


You could see Grinder.

Vanquished Creatures
  6 adders
  A dart slug (D:1)
  An orc (D:3)
  6 endoplasms
  4 giant cockroaches
  9 goblins
  3 hobgoblins
  3 jackals
  5 kobolds
  3 quokkas
  5 ball pythons
  6 bats
  2 frilled lizards
  6 rats
60 creatures vanquished.

Notes
Turn   | Place    | Note
-------+----------+-------------------------------------------
     0 | D:1      | jlumianski the Demigod Ice Elementalist began the quest for
                  | the Orb.
     0 | D:1      | Reached XP level 1. HP: 14/14 MP: 5/5
   464 | D:1      | Found Kivast's Assorted Antiques.
   473 | D:1      | Reached skill level 4 in Ice Magic
   501 | D:1      | Reached XP level 2. HP: 12/20 MP: 4/7
  1489 | D:2      | Reached XP level 3. HP: 26/26 MP: 0/8
  1750 | D:2      | Learned a level 3 spell: Frozen Ramparts
  2836 | D:3      | Reached skill level 1 in Short Blades
  2839 | D:3      | Reached XP level 4. HP: 16/34 MP: 6/10
  2860 | D:3      | Identified the +3 buckler "Meodenem" {Dex+6}
  3581 | D:4      | Noticed Grinder
  3605 | D:4      | Slain by Grinder

Illustrated notes

Levels and vault maps discovered:
D:1:      dpeg_arrival_water_temple_mockup, layout_loops_corners, serial_shops,
          shop, ebering_ecumenical_altar_box, minmay_misc_feat_enclosed
D:2:      layout_basic, hangedman_decor_clover_reticule
D:3:      layout_basic, xom_confusion_cloud, mainiacjoe_overflow_boulevard,
          kennysheep_generic_room_15
D:4:      layout_loops_cross, nicolae_qazlal_scattered_showers,
          nicolae_elyvilon_peaceful_grove, minmay_temple_entry_wispy,
          serial_shops, shop, uniq_grinder, uniq_eustachio

Skill      XL: |  1  2  3 |
---------------+----------+-----
Ice Magic      | 4 |  4.3
Spellcasting   | 2 |  2.4
Stealth        | 2 |  2.2
Dodging        | 2 |  2.1
Short Blades   | 1 |  1.6
Fighting       | |  0.7

Action                   |  1- 3 |  4- 6 || total
-------------------------+-------+-------++-------
Melee: Unarmed           |     5 |       ||     5
       Short sword       |   120 |    36 ||   156
 Cast: Freeze            |    20 |       ||    20
       Frozen Ramparts   |     1 |     4 ||     5
  Use: Potion            |     1 |     1 ||     2
 Stab: Sleeping          |     4 |       ||     4
Armor: Robe              |    38 |    18 ||    56
Dodge: Dodged            |   102 |    20 ||   122
Block: Buckler           |       |    17 ||    17

Table legend: (Time is in decaauts)
 A = Elapsed time spent in this place.
 B = Non-inter-level travel time spent in this place.
 C = Inter-level travel time spent in this place.
 D = Time resting spent in this place.
 E = Time spent auto-exploring this place.
 F = Levels seen in this place.
 G = Mean time per level.
                   A        B        C        D        E       F      G
               +--------+--------+--------+--------+--------+-----+--------+
         Total |   3615 |   3577 |     38 |    124 |   2174 |   4 |  903.8 |
       Dungeon |   3615 |   3577 |     38 |    124 |   2174 |   4 |  903.8 |
               +--------+--------+--------+--------+--------+-----+--------+

Top non-repeatable levels by time:
     D:1: 1473 daAuts
     D:2: 1127 daAuts
     D:3: 990 daAuts
     D:4: 24 daAuts
